 Dungeon Crawl Stone Soup version 0.23.2-40-g277498a001 (webtiles) character file.

Game seed: 11062453807790125202

842 Exodus22XD the Magician (level 7, -2/36 HPs)
             Began as a Deep Elf Wizard on Sept 19, 2019.
             Slain by an orc priest
             ... wielding a +0 dagger
              (4 damage)
             ... on level 5 of the Dungeon.
             The game lasted 00:18:03 (5457 turns).

Exodus22XD the Magician (Deep Elf Wizard)           Turns: 5457, Time: 00:18:04

Health: -2/36      AC:  3    Str:  4    XL:     7   Next: 67%
Magic:  3/19       EV: 13    Int: 25    God:
Gold:   179        SH:  0    Dex: 13    Spells: 9/20 levels left

rFire    . . .     SeeInvis .   g - +0 dagger
rCold    . . .     Gourm    .   (no shield)
rNeg     . . .     Faith    .   a - +0 robe
rPois    .         Spirit   .   b - +0 hat
rElec    .         Reflect  .   t - +0 cloak
rCorr    +         Harm     .   (no gloves)
MR       .....                  (no boots)
Stlth    ++........             (no amulet)
HPRegen  0.12/turn              s - ring of resist corrosion
MPRegen  0.16/turn              (no ring)

@: no status effects
A: no striking features
a: no special abilities


You were on level 5 of the Dungeon.
You were hungry.

You visited 1 branch of the dungeon, and saw 5 of its levels.

You collected 179 gold pieces.

Inventory:

Hand Weapons
 g - a +0 dagger (weapon)
Armour
 a - a +0 robe (worn)
 b - a +0 hat (worn)
 t - a +0 cloak (worn)
Jewellery
 s - a ring of resist corrosion (left hand)
Scrolls
 e - 2 scrolls of remove curse
 h - 2 scrolls of magic mapping {unknown}
 j - a scroll of amnesia
 k - a scroll of enchant armour {unknown}
 l - 2 scrolls of immolation
 o - a scroll of teleportation {unknown}
 r - 3 scrolls of identify {unknown}
Potions
 c - a potion of brilliance {unknown}
 i - 3 potions of curing
 m - a potion of agility {unknown}
 n - a potion of invisibility {unknown}
 q - 2 potions of ambrosia {unknown}
Comestibles
 d - 8 rations


   Skills:
 - Level 2.4 Dodging
 - Level 2.4 Stealth
 * Level 7.4 Spellcasting
 - Level 4.4 Conjurations
 - Level 4.8 Summonings
 - Level 1.1 Translocations
 - Level 4.5 Fire Magic


You had 9 spell levels left.
You knew the following spells:

 Your Spells              Type           Power        Failure   Level  Hunger
a - Magic Dart            Conj           ####         1%          1    None
b - Call Imp              Summ           ####....     1%          2    None
c - Blink                 Tloc           N/A          6%          2    None
d - Conjure Flame         Conj/Fire      ####....     3%          3    None
e - Mephitic Cloud        Conj/Pois/Air  ###.....     11%         3    None

Your spell library contained the following spells:

 Spells                   Type           Power        Failure   Level  Hunger
 Confusing Touch          Hex            #.....       6%          1    None
 Slow                     Hex            #.......     10%         2    None
 Gell's Gravitas          Tloc           ##........   12%         3    None
 Confuse                  Hex            #.......     19%         3    None
 Petrify                  Tmut/Erth      #.......     54%         4    ###....
 Metabolic Englaciation   Hex/Ice        #.........   87%         5    #####..
 Yara's Violent Unravell  Hex/Tmut       #.........   87%         5    #####..


Dungeon Overview and Level Annotations

Branches:
Dungeon (5/15)
 Temple: D:4-7

Altars:
Dithmenos
Gozag

Shops:
D:4 *


Message History

The magic dart hits the orc priest.
The orc priest is severely wounded.
The orc priest calls down the wrath of Beogh upon you.
Beogh smites you!
* * * LOW HITPOINT WARNING * * *
Casting: Magic Dart (safe; 1% risk of failure)
Confirm with . or Enter, or press ? or * to list all spells.
Aiming: Mephitic Cloud (safe; 11% risk of failure)
Press: ? - help, Shift-Dir - straight line, f - orc priest
Aim: an orc priest, wielding a +0 dagger and wearing a +0 ring mail (severely wounded, confused) That beam is likely to hit you.
Continue anyway?
Okay, then.
Casting: Mephitic Cloud (safe; 11% risk of failure)
Confirm with . or Enter, or press ? or * to list all spells.
Aiming: Mephitic Cloud (safe; 11% risk of failure)
Press: ? - help, Shift-Dir - straight line, p - orc priest The ball explodes into a vile cloud!
The stinking cloud engulfs the orc priest but does no damage.
The orc priest hits you with a +0 dagger.
You die...

#..# ###)######.s
#..###)<.# ## #......###
####.
#########○##)....####....
##......##○☼o.###.........
##........#☼○### ##........
#......)...o.####...###....
#.........o.......### ####.
#.........@...##### #.
#..........#..### #.
#......)........# ##
##........#.###..# #
##..........# #.# #
#..........## .# #
#......†...# # #
#.......<..# . #..........#
#


You could see 2 orc priests and an orc (confused).

Vanquished Creatures
  Grinder (D:3)
  A sky beast (D:5)
  An ogre (D:4)
  A scorpion (D:4)
  A hound (D:5)
  2 centaur skeletons
  3 orc wizards
  A worker ant (D:4)
  A worker ant zombie (D:5)
  6 gnolls
  9 adders
  2 oozes
  An adder skeleton (D:4)
  4 worms
  2 dart slugs (D:2)
  5 leopard geckos
  10 orcs
  A ball python (D:4)
  4 giant cockroaches
  7 goblins
  6 hobgoblins
  4 jackals (D:3)
  A quokka (D:2)
  11 bats
  5 frilled lizards
  7 kobolds
  6 rats
103 creatures vanquished.

Vanquished Creatures (collateral kills)
  A hound (D:4)
  A leopard gecko (D:4)
  3 orcs
5 creatures vanquished.

Grand Total: 108 creatures vanquished

Notes
Turn   | Place    | Note
-------+----------+-------------------------------------------
     0 | D:1      | Exodus22XD the Deep Elf Wizard began the quest for the Orb.
     0 | D:1      | Reached XP level 1. HP: 10/10 MP: 7/7
   227 | D:1      | Reached XP level 2. HP: 13/15 MP: 0/9
  1201 | D:2      | Reached XP level 3. HP: 15/19 MP: 6/10
  1357 | D:2      | Found an opulent altar of Gozag.
  1804 | D:2      | Reached XP level 4. HP: 24/24 MP: 2/12
  1808 | D:2      | Learned a level 2 spell: Call Imp
  1811 | D:2      | Learned a level 2 spell: Blink
  1815 | D:2      | Learned a level 3 spell: Conjure Flame
  1819 | D:2      | Learned a level 3 spell: Mephitic Cloud
  1975 | D:2      | Found a shadowy altar of Dithmenos.
  2518 | D:3      | Noticed Grinder
  2542 | D:3      | Paralysed by Grinder for 3 turns
  2559 | D:3      | Paralysed by Grinder for 4 turns
  2582 | D:3      | Killed Grinder
  2582 | D:3      | Reached XP level 5. HP: 28/28 MP: 0/13
  2774 | D:3      | Reached skill level 1 in Fire Magic
  2774 | D:3      | Reached XP level 6. HP: 21/32 MP: 2/14
  2831 | D:3      | HP: 1/32 [orc/cursed -3 dagger (3)]
  4285 | D:4      | Reached XP level 7. HP: 36/36 MP: 4/15
  4374 | D:4      | Found Cisor's General Store.
  4456 | D:4      | Reached skill level 5 in Spellcasting
  4737 | D:5      | Entered Level 5 of the Dungeon
  4807 | D:5      | Reached skill level 6 in Spellcasting
  5412 | D:5      | Reached skill level 7 in Spellcasting
  5457 | D:5      | Slain by an orc priest

Skill      XL: |  1  2  3  4  5  6  7 |
---------------+----------------------+-----
Conjurations   | 2 3 4 |  4.4
Summonings     | 4 |  4.8
Fire Magic     | 1 4 |  4.5
Spellcasting   | 7 |  7.4
Dodging        | |  2.4
Stealth        | |  2.4
Translocations | |  1.1

Action                   |  1- 3 |  4- 6 |  7- 9 || total
-------------------------+-------+-------+-------++-------
Melee: Dagger            |     1 |     3 |     5 ||     9
 Cast: Magic Dart        |   106 |   114 |    74 ||   294
       Call Imp          |       |     8 |     2 ||    10
       Blink             |       |     4 |     2 ||     6
       Conjure Flame     |       |     6 |     5 ||    11
       Mephitic Cloud    |       |     2 |     8 ||    10
  Use: Scroll            |       |       |     3 ||     3
       Potion            |       |       |     3 ||     3
  Eat: Chunk             |     2 |     8 |     3 ||    13
Armor: Robe              |     7 |     1 |     2 ||    10
Dodge: Dodged            |     9 |    26 |    15 ||    50
